 Dungeon Sprint DCSS version 0.29-a0-330-g52719c12eb (webtiles) character file.

Game seed: 17841659089673311270

716 jt the Cleaver (level 7, -4/61 HPs)
             Began as a Deep Dwarf Fighter on Apr 17, 2022.
             Was an Initiate of Elyvilon.
             Slain by a sun demon (9 damage)
             ... summoned by a kobold demonologist
             ... in the Dungeon (Sprint I: "Red Sonja").
             The game lasted 00:02:12 (256 turns).

jt the Cleaver (Deep Dwarf Fighter)                  Turns: 256, Time: 00:02:14

Health: -4/61      AC:  6    Str: 22    XL:     7   Next: 41%
Magic:  11/11      EV:  9    Int:  8    God:    Elyvilon [......]
Gold:   196        SH:  5    Dex: 12    Spells: 6/6 levels left

rFire   . . .      SeeInvis .   a - +2 war axe
rCold   . . .      Faith    .   c - +0 buckler
rNeg    . . .      Spirit   .   b - +0 scale mail
rPois   .          Reflect  .   (no helmet)
rElec   .          Harm     .   (no cloak)
rCorr   .          Rampage  .   (no gloves)
Will    +....      NoTele   +   (no boots)
Stlth   ..........              (no amulet)
HPRegen 0.00/turn               (no ring)
MPRegen 0.12/turn               (no ring)

@: no status effects
A: damage resistance, heal wounds, sense surroundings 1, no regeneration
a: Heal Wounds, Renounce Religion


You were in the Dungeon.
You worshipped Elyvilon.
Elyvilon was noncommittal.
You visited 1 branch You collected 441 gold pieces.
You spent 245 gold pieces at shops.

Inventory:

Hand Weapons
 a - a +2 war axe (weapon)
 i - a +0 scythe
Armour
 b - a +0 scale mail (worn)
 c - a +0 buckler (worn)
Wands
 k - a wand of digging (4)
Scrolls
 j - a scroll of blinking
 n - a scroll of identify
Potions
 d - a potion of might
 f - a potion of heal wounds
 g - a potion of haste
 h - 2 potions of magic


   Skills:
 - Level 2.6 Fighting
 + Level 13.6 Axes
 - Level 3.2 Armour
 - Level 6.0 Shields
 + Level 12.3 Invocations


You had 6 spell levels left.
You didn't know any spells.
Your spell library was empty.

Dungeon Overview and Level Annotations

Branches:
Dungeon (1/1)

Altars:
Cheibriados
Dithmenos
Elyvilon
Fedhas
Gozag
Hepliaklqana
Kikubaaqudgha
Makhleb
Nemelex Xobeh
Okawaru
Qazlal
Ru
Sif Muna
Trog
Uskayaw
Vehumet
Wu Jian
Xom
Yredelemnul
Zin
The Shining One
Jiyva
Lugonu

Shops:
D ?


Innate Abilities, Weirdness & Mutations

You are resistant to damage.
You can heal yourself by infusing magical energy.
You passively map a small area around you.
You do not regenerate.


Message History

The orange demon stings you but does no damage.
Your magical essence is drained by the effort!
You feel much better.
The sun demon hits you but does no damage.
The kobold demonologist looks satisfied for a moment.
The kobold demonologist gestures wildly while chanting.
The orange demon stings you but does no damage.
The orange demon stings you from afar.
You barely miss the kobold demonologist.
The kobold demonologist is severely wounded.
You hit the sun demon. You hit the sun demon but do no damage.
You slash the kobold demonologist!
The sun demon is lost in a daze.
The kobold demonologist hits you with a +0 dagger.
The orange demon stings you from afar!
You are poisoned.
The orange demon poisons you!
The kobold demonologist hits you with a +0 dagger.
The orange demon stings you from afar!
* * * LOW HITPOINT WARNING * * *
You are lethally poisoned!
The orange demon poisons you!
You closely miss the kobold demonologist.
The kobold demonologist is severely wounded.
You barely miss the kobold demonologist.
You hit the sun demon. x2
* * * LOW HITPOINT WARNING * * *
You feel extremely sick.
The orange demon is no longer dazed.
The sun demon is lost in a daze.
The sun demon barely misses you. The orange demon barely misses you.
The kobold demonologist closely misses you.
The kobold demonologist gestures wildly while chanting.
You block the orange demon's attack.
The sun demon is lost in a daze.
The sun demon barely misses you.
You feel better. The orange demon stings you from afar.
* * * LOW HITPOINT WARNING * * *
The kobold demonologist closely misses you.
The kobold demonologist miscasts a cantrip.
The orange demon stings you but does no damage.
The sun demon hits you!
You die...

####################
'..#..'..#__#..3@K4#
#..'[.#..'..'..#3K4#*
, *
##'#####'#__####554+,
#..#...#)#### #####
####..##.# ≈ ,* + *
___##'#_.+ , , *
∩...'..._#≈ ≈,, ,,
.__##_.#'# **
___###+#.#, * ,


You could see 2 sun demons, 2 orange demons, 2 kobold demonologists, a chaos
spawn (summoned), an iron imp (summoned) and an ufetubus (summoned).

Vanquished Creatures
  A slime creature (D)
  Sigmund (D)
  A yak (D)
  A floating eye (D)
  An ogre (D)
  A jelly (D)
  Ijyb (D)
7 creatures vanquished.

Notes
Turn   | Place    | Note
-------+----------+-------------------------------------------
     0 | D        | jt the Deep Dwarf Fighter began the quest for the Orb.
     0 | D        | Reached XP level 1. HP: 20/20 MP: 1/1
     2 | D        | Noticed Ijyb
    10 | D        | Killed Ijyb
    11 | D        | Reached skill level 4 in Axes
    11 | D        | Reached skill level 5 in Shields
    11 | D        | Reached XP level 2. HP: 25/27 MP: 2/2
    15 | D        | Noticed an ogre
    20 | D        | Killed an ogre
    21 | D        | Reached skill level 9 in Axes
    21 | D        | Reached XP level 3. HP: 30/33 MP: 3/3
    21 | D        | Reached XP level 4. HP: 37/40 MP: 4/4
    61 | D        | Noticed Sigmund
    65 | D        | Killed Sigmund
    66 | D        | Reached skill level 11 in Axes
    66 | D        | Reached XP level 5. HP: 46/46 MP: 3/9
    66 | D        | Reached XP level 6. HP: 55/55 MP: 3/10
    81 | D        | Found a shimmering blue altar of Sif Muna.
    82 | D        | Found an ornate altar of the Wu Jian Council.
    83 | D        | Found a radiant altar of Vehumet.
   122 | D        | Found Nemuitiwom's Magic Scroll Emporium.
   122 | D        | Found an ancient bone altar of Kikubaaqudgha.
   122 | D        | Found a hazy altar of Hepliaklqana.
   122 | D        | Found a stormy altar of Qazlal.
   122 | D        | Found a hide-covered altar of Uskayaw.
   122 | D        | Found a blossoming altar of Fedhas.
   122 | D        | Found a bloodstained altar of Trog.
   122 | D        | Found an iron altar of Okawaru.
   122 | D        | Found a basalt altar of Yredelemnul.
   122 | D        | Found a glowing golden altar of the Shining One.
   122 | D        | Found a snail-covered altar of Cheibriados.
   122 | D        | Found a sacrificial altar of Ru.
   122 | D        | Found a glowing silver altar of Zin.
   122 | D        | Found a shadowy altar of Dithmenos.
   122 | D        | Found a white marble altar of Elyvilon.
   122 | D        | Noticed a yak
   130 | D        | Killed a yak
   131 | D        | Reached skill level 12 in Axes
   131 | D        | Reached skill level 10 in Invocations
   131 | D        | Found an opulent altar of Gozag.
   132 | D        | Found a sparkling altar of Nemelex Xobeh.
   138 | D        | Became a worshipper of Elyvilon the Healer
   193 | D        | Bought a scroll of enchant weapon for 75 gold pieces
   193 | D        | Bought a scroll of holy word for 75 gold pieces
   193 | D        | Bought a scroll of enchant weapon for 75 gold pieces
   193 | D        | Bought a scroll of identify for 20 gold pieces
   213 | D        | Found a viscous altar of Jiyva.
   213 | D        | Found a corrupted altar of Lugonu.
   213 | D        | Noticed a slime creature
   214 | D        | Found a burning altar of Makhleb.
   214 | D        | Found a shimmering altar of Xom.
   223 | D        | Killed a slime creature
   224 | D        | Reached skill level 13 in Axes
   224 | D        | Reached XP level 7. HP: 31/61 MP: 11/13
   239 | D        | Noticed a kobold demonologist
   240 | D        | Noticed an orange demon
   240 | D        | Noticed a kobold demonologist
   244 | D        | Noticed a sun demon
   249 | D        | Noticed a chaos spawn
   250 | D        | Noticed an orange demon
   254 | D        | Noticed a sun demon
   255 | D        | HP: 3/61 [poisoned by an orange demon]
   256 | D        | Slain by a sun demon

Illustrated notes

Levels and vault maps discovered:
D:        dungeon_sprint_1 [red_sonja_temple_1, red_sonja_temple_small_1]

Skill      XL: |  1  2  3  4  5  6  7 |
---------------+----------------------+-----
Axes           | 4 9 11 13 | 13.6
Shields        | 5 6 |  6.0
Invocations    | 7 11 12 | 12.3
Fighting       | |  2.6
Armour         | |  3.2

Action                   |  1- 3 |  4- 6 |  7- 9 || total
-------------------------+-------+-------+-------++-------
Melee: War axe           |    11 |    24 |    11 ||    46
 Abil: Heal Wounds       |       |     3 |     3 ||     6
  Use: Potion            |     1 |       |     1 ||     2
       Scroll            |       |     2 |     1 ||     3
Armor: Scale mail        |     5 |     2 |    16 ||    23
Dodge: Dodged            |     4 |     4 |    12 ||    20
Block: Buckler           |     1 |     1 |     8 ||    10

Table legend: (Time is in decaauts)
 A = Elapsed time spent in this place.
 B = Non-inter-level travel time spent in this place.
 C = Inter-level travel time spent in this place.
 D = Time resting spent in this place.
 E = Time spent auto-exploring this place.
 F = Levels seen in this place.
 G = Mean time per level.
                   A        B        C        D        E       F      G
               +--------+--------+--------+--------+--------+-----+--------+
         Total |    267 |    255 |     12 |     67 |      0 |   1 |  267.0 |
       Dungeon |    267 |    255 |     12 |     67 |      0 |   1 |  267.0 |
               +--------+--------+--------+--------+--------+-----+--------+

Top non-repeatable levels by time:
       D: 267 daAuts
